 Dungeon Crawl Stone Soup version 0.30-a0-996-ga6910c8ee8 (webtiles) character file.

Game seed: 15927291531926579469

67 croobank the Sneak (level 4, -9/27 HPs)
             Began as an Octopode Fire Elementalist on Apr 4, 2023.
             Mangled by a gnoll
             ... wielding a +0 flail
              (10 damage)
             ... on level 2 of the Dungeon.
             The game lasted 00:05:25 (1168 turns).

croobank the Sneak (Octopode Fire Elementalist)     Turns: 1168, Time: 00:05:26

Health: -9/27      AC:  1    Str:  7    XL:     4   Next: 16%
Magic:  0/7        EV: 13    Int: 19    God:
Gold:   44         SH:  0    Dex: 12    Spells: 4/7 levels left

rFire   . . .      SeeInvis .    (no weapon)
rCold   . . .      Faith    .    (no shield)
rNeg    . . .      Spirit   .    (helmet restricted)
rPois   .          Reflect  .    (no amulet)
rElec   .          Rampage  .    (no ring)
rCorr   .                        (no ring)
Will    .....                    (no ring)
Stlth   +++                      (no ring)
HPRegen 0.24/turn                (no ring)
MPRegen 0.10/turn                (no ring)
                                 (no ring)
                                 (no ring)

@: no status effects
A: almost no armour, amphibious, 8 rings, camouflage 1, gelatinous body 1,
(nimble swimmer 1), tentacles
a: no special abilities


You were on level 2 of the Dungeon.
You visited 1 branch of the dungeon, and saw 2 of its levels.

You collected 44 gold pieces.

Inventory:

Missiles
 f - 5 poisoned darts
Armour
 h - a +0 buckler
Jewellery
 g - a ring of poison resistance
Scrolls
 b - a scroll of teleportation {unknown}
 c - a scroll of immolation {unknown}
 d - a scroll of enchant armour {unknown}
 e - 2 scrolls of identify {unknown}
Potions
 a - a potion of magic


   Skills:
 + Level 0.5 Fighting
 + Level 2.6 Dodging
 + Level 3.5 Stealth
 + Level 2.4 Spellcasting
 + Level 1.8 Conjurations
 + Level 3.3 Fire Magic


You had 4 spell levels left.
You knew the following spells:

 Your Spells              Type           Power      Damage    Failure   Level
a - Foxfire               Conj/Fire      48%        2x1d6     5%          1
b - Scorch                Fire           30%        2d6       6%          2

Your spell library contained the following spells:

 Spells                   Type           Power      Damage    Failure   Level
 Freeze                   Ice            8%         1d3       16%         1
 Inner Flame              Hex/Fire       8%         N/A       24%         3
 Kindle Blastsparks       Fire/Tloc/Air  12%        2d11      30%         3
 Hailstorm                Conj/Ice       5%         3d4       32%         3
 Frozen Ramparts          Ice            4%         1d1       43%         3
 Flame Wave               Conj/Fire      12%        2d6       50%         4


Dungeon Overview and Level Annotations

Branches:
Dungeon (2/15)

Altars:


Innate Abilities, Weirdness & Mutations

You cannot wear most types of armour.
You are amphibious.
You can wear up to eight rings at the same time.
Your skin changes colour to match your surroundings (Stealth+).
Your rubbery body absorbs attacks. (AC +1, EV +1)
((You are camouflaged when in or above water. (Stealth+)))
You have tentacles for arms and can constrict up to eight enemies at once.


Message History

You tentacle-slap the gnoll but do no damage.
Your squeeze misses the gnoll.
The gnoll is heavily wounded.
You constrict the gnoll, but do no damage.
The gnoll hits you with a +0 halberd!
You tentacle-slap the gnoll. You squeeze the gnoll.
You kill the gnoll!
Your magical contamination has completely faded away.
You start resting.
A gnoll comes into view. It is wielding a +0 flail.
You see here a +0 halberd.
Casting: Scorch (safe; 6% risk of failure)
Confirm with . or Enter, or press ? or * to list all spells.
You conjure some foxfire!
You barely miss the gnoll. You grab the gnoll.
You squeeze the gnoll, but do no damage.
You constrict the gnoll.
The foxfire hits the gnoll.
The gnoll is moderately wounded.
The foxfire hits the gnoll.
The gnoll is heavily wounded.
The gnoll barely misses you.
You tentacle-slap the gnoll but do no damage.
The gnoll is heavily wounded.
You constrict the gnoll, but do no damage.
The gnoll hits you with a +0 flail!
The frilled lizard hisses angrily.
You tentacle-slap the gnoll but do no damage.
You squeeze the gnoll.
The gnoll is severely wounded.
You constrict the gnoll, but do no damage.
The gnoll misses you.
You tentacle-slap the gnoll but do no damage.
The gnoll is severely wounded.
You constrict the gnoll. The gnoll hits you with a +0 flail!
* * * LOW HITPOINT WARNING * * *
Casting: Foxfire (safe; 5% risk of failure)
Confirm with . or Enter, or press ? or * to list all spells.
You conjure some foxfire!
You constrict the gnoll. The gnoll hits you with a +0 flail!
You die...

#. ###.##### #
........# ###.###
........###.......
........#.....#
...........######.
........##........
........##vv######
.......<#)@##
#########.g# #..#
l..# ..#.# ...#.#
....#.# .....#..


You could see a gnoll (ally target) and a frilled lizard.

Vanquished Creatures
  3 gnolls (D:2)
  2 ball pythons (D:1)
  3 endoplasms (D:1)
  2 goblins (D:1)
  A hobgoblin (D:1)
  10 jackals (D:1)
  3 quokkas (D:1)
  A bat (D:1)
  5 frilled lizards (D:1)
  A kobold (D:1)
  6 rats (D:1)
37 creatures vanquished.

Vanquished Creatures (others)
  75 foxfires
  A plant (D:1)
76 creatures vanquished.

Grand Total: 113 creatures vanquished

Notes
Turn   | Place    | Note
-------+----------+-------------------------------------------
     0 | D:1      | croobank the Octopode Fire Elementalist began the quest for
                  | the Orb.
     0 | D:1      | Reached XP level 1. HP: 11/11 MP: 3/3
   167 | D:1      | Reached XP level 2. HP: 14/17 MP: 1/5
   215 | D:1      | Learned a level 2 spell: Scorch
   473 | D:1      | Reached XP level 3. HP: 21/21 MP: 1/6
  1155 | D:2      | Reached XP level 4. HP: 27/27 MP: 0/7
  1167 | D:2      | HP: 1/27 [gnoll/+0 flail (13)]
  1168 | D:2      | Mangled by a gnoll

Illustrated notes

Levels and vault maps discovered:
D:1:      wander_arrival_fairy_ring, layout_loops_ring, minmay_misc_feat_rows
D:2:      cheibrodos_pilgrimage, layout_rooms, dk_vineyard_2,
          nicolae_kite_square_tiling_tiny, guppyfry_early_orc_mine

Skill      XL: |  1  2 |
---------------+-------+-----
Stealth        | 3 |  3.5
Fighting       | |  0.5
Dodging        | |  2.6
Spellcasting   | |  2.4
Conjurations   | |  1.8
Fire Magic     | |  3.3

Action                     |  1- 3 |  4- 6 || total
---------------------------+-------+-------++-------
  Melee: Unarmed           |    18 |     7 ||    25
         Tentacles         |     7 |     3 ||    10
         Constrict         |     5 |     2 ||     7
   Cast: Foxfire           |    44 |     2 ||    46
         Scorch            |     1 |       ||     1
   Stab: Sleeping          |     1 |       ||     1
  Dodge: Dodged            |    10 |     4 ||    14

Table legend: (Time is in decaauts)
 A = Elapsed time spent in this place.
 B = Non-inter-level travel time spent in this place.
 C = Inter-level travel time spent in this place.
 D = Time resting spent in this place.
 E = Time spent auto-exploring this place.
 F = Levels seen in this place.
 G = Mean time per level.
                   A        B        C        D        E       F      G
               +--------+--------+--------+--------+--------+-----+--------+
         Total |   1167 |   1140 |     27 |    366 |    498 |   2 |  583.5 |
       Dungeon |   1167 |   1140 |     27 |    366 |    498 |   2 |  583.5 |
               +--------+--------+--------+--------+--------+-----+--------+

Top non-repeatable levels by time:
     D:1: 1139 daAuts
     D:2: 28 daAuts
